MWL (24 & UNDER)
CINCINNATI PRIDE @ BARRY'S BAY ORIOLES
06/16/2028
 
TOP OF THE 1ST
Cincinnati Pride batting - Pitching for Barry's Bay Orioles : RHP Carl Jones
Pitching: RHP Carl Jones
Batting: SHB Jaime Martínez 0-0: Ball
1-0: Ball
2-0: Called Strike
2-1: Foul Ball, location: 2F
2-2: Strikes out swinging
Batting: RHB Leslie Kennedy 0-0: Called Strike
0-1: Foul Ball, location: 2F
0-2: Fly out, F9 (Flyball, 89M)
Batting: RHB Jorge Silva 0-0: Swinging Strike
0-1: Foul Ball, location: 2F
0-2: Ball
1-2: Ball
2-2: Strikes out swinging
Top of the 1st over - 0 run(s), 0 hit(s), 0 error(s), 0 left on base; Cincinnati 0 - Barry's Bay 0
BOTTOM OF THE 1ST
Barry's Bay Orioles batting - Pitching for Cincinnati Pride : LHP Vicente López
Pitching: LHP Vicente López
Batting: SHB Emílio Calvillo 0-0: Ball
1-0: Bunt missed!
1-1: Ball
2-1: Fly out, F9 (Flyball, 9LS)
Batting: SHB Terry Christian 0-0: Ball
1-0: Ball
2-0: Ball
3-0: Called Strike
3-1: Called Strike
3-2: Foul Ball, location: 2F
3-2: Foul Ball, location: 2F
3-2: Strikes out looking
Batting: RHB Jason Ward 0-0: Ball
1-0: Fly out, F6 (Popup, 6D)
Bottom of the 1st over - 0 run(s), 0 hit(s), 0 error(s), 0 left on base; Cincinnati 0 - Barry's Bay 0
TOP OF THE 2ND
Cincinnati Pride batting - Pitching for Barry's Bay Orioles : RHP Carl Jones
Batting: LHB John Clark 0-0: Swinging Strike
0-1: Ball
1-1: Ball
2-1: Called Strike
2-2: SINGLE (Groundball, 34D)
Batting: RHB Roger Rush 0-0: Fly out, F9 (Flyball, 9S)
Batting: RHB Bartolo Montero 0-0: Called Strike
0-1: Called Strike
0-2: Ball
1-2: Strikes out swinging
Batting: RHB Pete Woods 0-0: Called Strike
0-1: Foul Ball, location: 2F
0-2: Strikes out looking
Top of the 2nd over - 0 run(s), 1 hit(s), 0 error(s), 1 left on base; Cincinnati 0 - Barry's Bay 0
BOTTOM OF THE 2ND
Barry's Bay Orioles batting - Pitching for Cincinnati Pride : LHP Vicente López
Batting: LHB T.J. Richardson 0-0: Ball
1-0: Ball
2-0: Ball
3-0: Base on Balls
Batting: RHB Troy González 0-0: Ball
1-0: Ball
2-0: Swinging Strike
2-1: Called Strike
2-2: Foul Ball, location: 2F
2-2: SINGLE (Line Drive, 4M)
T.J. Richardson to second
Runner from 2nd tries for 3rd, SAFE, throw made to third
Batting: SHB Garrett Waller 0-0: Ball
1-0: Grounds into double play, 5-4-3 (Groundball, 56)
T.J. Richardson scores
Batting: RHB Jake Erickson 0-0: Ball
1-0: Called Strike
1-1: Swinging Strike
1-2: Strikes out looking
Bottom of the 2nd over - 1 run(s), 1 hit(s), 0 error(s), 0 left on base; Cincinnati 0 - Barry's Bay 1
TOP OF THE 3RD
Cincinnati Pride batting - Pitching for Barry's Bay Orioles : RHP Carl Jones
Batting: RHB Keith Sheehan 0-0: Foul Ball, location: 2F
0-1: Ball
1-1: Foul Ball, location: 2F
1-2: Strikes out swinging
Batting: RHB Gary Miller 0-0: Ball
1-0: Ball
2-0: Fly out, F8 (Flyball, 8LD)
Batting: SHB Jaime Martínez 0-0: Called Strike
0-1: Called Strike
0-2: Ball
1-2: Ground out 5-3 (Groundball, 56)
Top of the 3rd over - 0 run(s), 0 hit(s), 0 error(s), 0 left on base; Cincinnati 0 - Barry's Bay 1
BOTTOM OF THE 3RD
Barry's Bay Orioles batting - Pitching for Cincinnati Pride : LHP Vicente López
Batting: LHB Ryan Rheaume 0-0: Ball
1-0: Swinging Strike
1-1: Called Strike
1-2: Ball
2-2: Foul Ball, location: 2F
2-2: Strikes out swinging
Batting: RHB Bill Pike 0-0: Ball
1-0: Called Strike
1-1: Fly out, F4 (Line Drive, 4M)
Batting: SHB Emílio Calvillo 0-0: Called Strike
0-1: SINGLE (Line Drive, 6MD)
Batting: SHB Terry Christian 0-0: Ball
1-0: Fielders Choice at 2nd, 4-6 (Groundball, 4)
Bottom of the 3rd over - 0 run(s), 1 hit(s), 0 error(s), 0 left on base; Cincinnati 0 - Barry's Bay 1
TOP OF THE 4TH
Cincinnati Pride batting - Pitching for Barry's Bay Orioles : RHP Carl Jones
Batting: RHB Leslie Kennedy 0-0: Ground out 5-3 (Groundball, 5)
Batting: RHB Jorge Silva 0-0: Foul Ball, location: 2F
0-1: Called Strike
0-2: Ball
1-2: Strikes out looking
Batting: LHB John Clark 0-0: Ground out 4-3 (Groundball, 4)
Top of the 4th over - 0 run(s), 0 hit(s), 0 error(s), 0 left on base; Cincinnati 0 - Barry's Bay 1
BOTTOM OF THE 4TH
Barry's Bay Orioles batting - Pitching for Cincinnati Pride : LHP Vicente López
Batting: RHB Jason Ward 0-0: Called Strike
0-1: Ball
1-1: Ball
2-1: Foul Ball, location: 2F
2-2: Strikes out looking
Batting: LHB T.J. Richardson 0-0: Foul Ball, location: 2F
0-1: Ball
1-1: Ball
2-1: Ball
3-1: SINGLE (Groundball, 34D)
Batting: RHB Troy González 0-0: Called Strike
0-1: Ball
1-1: Ball
2-1: Ground out 5-3 (Groundball, 56S)
T.J. Richardson to second
Batting: SHB Garrett Waller 0-0: Called Strike
0-1: Ball
1-1: Ball
2-1: Foul Ball, location: 2F
2-2: 2-RUN HOME RUN (Flyball, 8RXD), Distance : 396 ft
Batting: RHB Jake Erickson 0-0: Called Strike
0-1: Ball
1-1: Swinging Strike
1-2: Foul Ball, location: 2F
1-2: Strikes out swinging
Bottom of the 4th over - 2 run(s), 2 hit(s), 0 error(s), 0 left on base; Cincinnati 0 - Barry's Bay 3
TOP OF THE 5TH
Cincinnati Pride batting - Pitching for Barry's Bay Orioles : RHP Carl Jones
Batting: RHB Roger Rush 0-0: Called Strike
0-1: Swinging Strike
0-2: Ball
1-2: DOUBLE (Line Drive, 89XD)
Batting: RHB Bartolo Montero 0-0: Called Strike
0-1: Ball
1-1: Ball
2-1: Swinging Strike
2-2: Foul Ball, location: 2F
2-2: Ball
3-2: Strikes out swinging
Batting: RHB Pete Woods 0-0: Foul Ball, location: 2F
0-1: Fly out, F9 (Flyball, 89M)
Batting: RHB Keith Sheehan 0-0: Ball
1-0: Foul Ball, location: 2F
1-1: Ball
2-1: Swinging Strike
2-2: Ball
3-2: Foul Ball, location: 2F
3-2: Foul Ball, location: 2F
3-2: Fly out, F8 (Flyball, 8RS)
Top of the 5th over - 0 run(s), 1 hit(s), 0 error(s), 1 left on base; Cincinnati 0 - Barry's Bay 3
BOTTOM OF THE 5TH
Barry's Bay Orioles batting - Pitching for Cincinnati Pride : LHP Vicente López
Batting: LHB Ryan Rheaume 0-0: Ground out U3 (Groundball, 34)
Batting: RHB Bill Pike 0-0: Ball
1-0: Ball
2-0: Fly out, F7 (Flyball, 7LS)
Batting: SHB Emílio Calvillo 0-0: Swinging Strike
0-1: Ball
1-1: Swinging Strike
1-2: Ball
2-2: Ball
3-2: Fly out, F5 (Line Drive, 5)
Bottom of the 5th over - 0 run(s), 0 hit(s), 0 error(s), 0 left on base; Cincinnati 0 - Barry's Bay 3
TOP OF THE 6TH
Cincinnati Pride batting - Pitching for Barry's Bay Orioles : RHP Carl Jones
Batting: RHB Gary Miller 0-0: Called Strike
0-1: Ball
1-1: Ground out 6-3 (Groundball, 6S)
Batting: SHB Jaime Martínez 0-0: Called Strike
0-1: Swinging Strike
0-2: Fly out, F9 (Flyball, 9LMF)
Batting: RHB Leslie Kennedy 0-0: Ground out 6-3 (Groundball, 6)
Top of the 6th over - 0 run(s), 0 hit(s), 0 error(s), 0 left on base; Cincinnati 0 - Barry's Bay 3
BOTTOM OF THE 6TH
Barry's Bay Orioles batting - Pitching for Cincinnati Pride : LHP Vicente López
Batting: SHB Terry Christian 0-0: Called Strike
0-1: Ball
1-1: Fly out, F9 (Flyball, 89S)
Batting: RHB Jason Ward 0-0: Ground out 5-3 (Groundball, 56)
Batting: LHB T.J. Richardson 0-0: Ball
1-0: Fly out, F7 (Flyball, 7)
Bottom of the 6th over - 0 run(s), 0 hit(s), 0 error(s), 0 left on base; Cincinnati 0 - Barry's Bay 3
TOP OF THE 7TH
Cincinnati Pride batting - Pitching for Barry's Bay Orioles : RHP Carl Jones
Batting: RHB Jorge Silva 0-0: SOLO HOME RUN (Flyball, 78XD), Distance : 370 ft
Batting: LHB John Clark 0-0: Called Strike
0-1: Swinging Strike
0-2: Ball
1-2: SINGLE (Groundball, 34S) (infield hit)
Batting: RHB Roger Rush 0-0: Ball
1-0: Called Strike
1-1: Ball
2-1: Called Strike
2-2: Foul Ball, location: 2F
2-2: Ball
3-2: Base on Balls
John Clark to second
Batting: RHB Bartolo Montero 0-0: SINGLE (Groundball, 56D)
John Clark to third
Roger Rush to second
Pinch Hitting: RHB Álex Hernández 0-0: Fly out, F3 (Popup, 34)
Pitching: RHP José García
Pinch Hitting: LHB Jorge Hernández 0-0: Called Strike
0-1: Swinging Strike
0-2: Strikes out swinging
Pinch Hitting: LHB Iván Vázquez 0-0: Foul Ball, location: 2F
0-1: Ball
1-1: Ball
2-1: Fly out, F9 (Flyball, 9)
Top of the 7th over - 1 run(s), 3 hit(s), 0 error(s), 3 left on base; Cincinnati 1 - Barry's Bay 3
BOTTOM OF THE 7TH
Barry's Bay Orioles batting - Pitching for Cincinnati Pride : LHP Vicente López
Now at 2B: Jorge Hernández
Now at 3B: Álex Hernández
Now in RF: Iván Vázquez
Batting: RHB Troy González 0-0: Called Strike
0-1: Ball
1-1: Ground out 5-3 (Groundball, 56)
Pitching: RHP Júlio Ovies
Batting: SHB Garrett Waller 0-0: Ball
1-0: Ball
2-0: Fly out, F8 (Line Drive, 8RXD)
Batting: RHB Jake Erickson 0-0: Swinging Strike
0-1: Ball
1-1: Ball
2-1: Foul Ball, location: 2F
2-2: Fly out, F8 (Flyball, 8LS)
Bottom of the 7th over - 0 run(s), 0 hit(s), 0 error(s), 0 left on base; Cincinnati 1 - Barry's Bay 3
TOP OF THE 8TH
Cincinnati Pride batting - Pitching for Barry's Bay Orioles : RHP José García
Now at 1B: Rodney Harrison
Batting: SHB Jaime Martínez 0-0: Called Strike
0-1: Swinging Strike
0-2: Ball
1-2: Ground out 6-3 (Groundball, 6M)
Batting: RHB Leslie Kennedy 0-0: Ball
1-0: Called Strike
1-1: Ball
2-1: Foul Ball, location: 2F
2-2: Foul Ball, location: 2F
2-2: Ground out 5-3 (Groundball, 56)
Batting: RHB Jorge Silva 0-0: Fly out, F9 (Flyball, 89S)
Top of the 8th over - 0 run(s), 0 hit(s), 0 error(s), 0 left on base; Cincinnati 1 - Barry's Bay 3
BOTTOM OF THE 8TH
Barry's Bay Orioles batting - Pitching for Cincinnati Pride : RHP Júlio Ovies
Batting: LHB Ryan Rheaume 0-0: Ground out 4-3 (Groundball, 34)
Batting: RHB Bill Pike 0-0: Called Strike
0-1: Called Strike
0-2: Strikes out swinging
Batting: SHB Emílio Calvillo 0-0: Swinging Strike
0-1: Foul Ball, location: 2F
0-2: Ball
1-2: Strikes out looking
Bottom of the 8th over - 0 run(s), 0 hit(s), 0 error(s), 0 left on base; Cincinnati 1 - Barry's Bay 3
TOP OF THE 9TH
Cincinnati Pride batting - Pitching for Barry's Bay Orioles : RHP José García
Pitching: RHP Tim Osborne
Batting: LHB John Clark 0-0: Ball
1-0: SOLO HOME RUN (Flyball, 9D), Distance : 356 ft
Batting: RHB Roger Rush 0-0: Called Strike
0-1: Foul Ball, location: 2F
0-2: Ball
1-2: SOLO HOME RUN (Flyball, 78XD), Distance : 358 ft
Pitching: LHP Bernardo Valero
Batting: RHB Bartolo Montero 0-0: Called Strike
0-1: Foul Ball, location: 2F
0-2: SINGLE (Groundball, 56D)
Batting: RHB Álex Hernández 0-0: Called Strike
0-1: Foul Ball, location: 2F
0-2: Ball
1-2: Strikes out looking
Pinch Hitting: RHB George Martin 0-0: Called Strike
0-1: Ball
1-1: Foul Ball, location: 2F
1-2: Strikes out swinging
Pinch Hitting: RHB Francisco Domínguez 0-0: Ball
1-0: SINGLE (Line Drive, 6MD)
Bartolo Montero to second
Pinch Hitting: RHB José Antonio Delgado 0-0: 3-RUN HOME RUN (Line Drive, 7D), Distance : 348 ft
Pitching: RHP Billy Jacobs
Batting: RHB Leslie Kennedy 0-0: Ball
1-0: Ball
2-0: Called Strike
2-1: Swinging Strike
2-2: Strikes out swinging
Top of the 9th over - 5 run(s), 5 hit(s), 0 error(s), 0 left on base; Cincinnati 6 - Barry's Bay 3
BOTTOM OF THE 9TH
Barry's Bay Orioles batting - Pitching for Cincinnati Pride : RHP Júlio Ovies
Pitching: RHP Carl Rojas
Now at 2B: Matt Cole
Now in CF: Francisco Domínguez
Now in RF: José Antonio Delgado
Batting: SHB Terry Christian 0-0: Ball
1-0: Ball
2-0: Called Strike
2-1: Foul Ball, location: 2F
2-2: Foul Ball, location: 2F
2-2: Strikes out swinging
Batting: RHB Jason Ward 0-0: Called Strike
0-1: Ball
1-1: Foul Ball, location: 2F
1-2: Strikes out looking
Batting: LHB Rodney Harrison 0-0: Called Strike
0-1: Ball
1-1: Ball
2-1: Ball
3-1: Foul Ball, location: 2F
3-2: Base on Balls
Batting: RHB Troy González 0-0: Ground out 4-3 (Groundball, 34S)
Bottom of the 9th over - 0 run(s), 0 hit(s), 0 error(s), 1 left on base; Cincinnati 6 - Barry's Bay 3
Tuesday, August 8th, 2017 - OOTP Baseball 17.12 Build 75